AoeStats
← DerKuhmichel

Oasis

507338145Analyzed
4v4 RM · 14d ago on Sep 17, 2026· 43m 1s· 8 players
Game mode
Random Map
Map size
Large (8 player)
Population
200
Speed
Normal
Resources
Standard
Victory
Conquest
Starting age
Dark Age
Ending age
Imperial Age
RankedLock teamsTeams togetherTeam positionsShared explorationLock speedFull tech treeHidden civsTurbo modeCheats
Victory
Defeat
🇩🇪 Persians · Germany
1292
+12
🇳🇱 Bengalis · Netherlands
1214
+15
🇩🇪 Magyars · Germany
1138
+18
🇩🇪 Byzantines · Germany
1068
+22
🇨🇦 Saracens · Canada
1226
-18
🇲🇽 Spanish · Mexico
1199
-17
🇧🇬 Britons · Bulgaria
1161
-15
Queondacompa
11:00 Feudal Age
11:36 Double-Bit Axe
13:57 Horse Collar
14:11 Loom
14:27 Gold Mining
16:59 Castle Age
20:53 Wheelbarrow
21:30 Wheelbarrow
20:40 Town Watch
21:00 Heavy Plow
21:17 Bow Saw
21:39 Fletching
Bugzy
6:42 Loom
9:56 Feudal Age
16:01 Fletching
17:34 Horse Collar
我想给自己改个简单又不重复的名字
2:07 Loom
10:32 Feudal Age
qwka224
10:26 Feudal Age
15:04 Castle Age
15:34 Double-Bit Axe
17:41 Horse Collar
20:48 Fletching
22:39 Bow Saw
22:34 Heavy Plow
24:44 Bodkin Arrow
25:32 Wheelbarrow
26:04 Padded Archer Armor
27:08 Leather Archer Armor
26:56 Gold Mining
27:21 Stone Mining
29:17 Ballistics
33:16 Imperial Age
32:19 Pikeman
33:02 Squires
33:14 Forging
33:05 Scale Mail Armor
33:51 Halberdier
35:36 Chemistry
35:26 Bracer
36:18 Conscription
38:10 Chain Mail Armor
38:31 Iron Casting
DerKuhmichel
8:16 Loom
10:56 Feudal Age
11:46 Horse Collar
11:55 Double-Bit Axe
16:42 Scale Barding Armor
16:49 Forging
18:37 Bloodlines
24:28 Castle Age
26:07 Wheelbarrow
28:38 Iron Casting
28:24 Chain Barding Armor
29:25 Husbandry
29:47 Hand Cart
33:03 Bow Saw
CraB
7:08 Loom
9:48 Feudal Age
10:10 Double-Bit Axe
10:08 Horse Collar
17:15 Wheelbarrow
20:12 Castle Age
18:21 Gold Mining
19:10 Scale Barding Armor
19:27 Forging
19:33 Forging
19:56 Bloodlines
21:00 Chain Barding Armor
24:13 Husbandry
25:32 Heavy Plow
26:03 Hand Cart
27:46 Iron Casting
29:35 Stone Mining
33:03 Imperial Age
32:49 Heavy Camel Rider
32:56 Cavalier
34:12 Plate Barding Armor
34:00 Conscription
33:42 Light Cavalry
34:17 Savar
36:38 Blast Furnace
35:41 Town Watch
37:57 Hussar
38:32 Spies/Treason
oedoenderpeiniger
5:16 Loom
10:00 Feudal Age
10:53 Town Watch
11:14 Double-Bit Axe
12:52 Scale Barding Armor
13:37 Town Watch
19:53 Fletching
22:39 Padded Archer Armor
25:48 Wheelbarrow
25:17 Gold Mining
29:00 Castle Age
28:13 Bloodlines
28:24 Horse Collar
30:37 Bow Saw
30:59 Bow Saw
34:07 Imperial Age
32:19 Husbandry
33:29 Heavy Plow
33:22 Stone Mining
34:02 Chain Barding Armor
35:41 Plate Barding Armor
36:32 Two-Man Saw
38:31 Cavalier
40:22 Spies/Treason
Maj. Payne
11:34 Feudal Age
13:09 Loom
13:19 Loom
14:49 Double-Bit Axe
16:47 Horse Collar
17:16 Stone Mining
22:02 Castle Age
20:17 Fletching
21:28 Gold Mining
23:23 Wheelbarrow
23:56 Bow Saw
26:08 Treadmill Crane
26:40 Fervor
28:10 Arson
28:27 Squires
30:05 Heavy Plow
30:46 Hand Cart
31:03 Elite Skirmisher
32:20 Padded Archer Armor
33:11 Thumb Ring
34:18 Gold Shaft Mining
35:24 Stone Shaft Mining
38:14 Imperial Age
36:12 Bodkin Arrow
36:42 Leather Archer Armor
37:48 Fortified Wall
37:59 Ballistics
37:54 Fortified Wall
40:14 Chemistry
40:15 Capped Ram
40:18 Heavy Cavalry Archer
41:01 Bracer
41:39 Ring Archer Armor
41:31 Conscription
42:18 Two-Man Saw
41:54 Crop Rotation
42:23 Siege Ram
44:05 Hoardings
43:38 Scale Mail Armor
Connection lost

Rejoining the realm…

Still unreachable

The connection could not be restored.

Session expired

The server has moved on; the page needs a fresh start.